| TOP OF THE 1ST |
|
Boise Hawks batting - Pitching for Rome Braves : LHP John Grinter
|
|
Pitching: LHP John Grinter
|
|
|
Batting: LHB Eddie Gonzalez
|
0-0: Ground out 1-3 (Groundball, 13S, EV 65.6 MPH)
|
|
Pitching: RHP Marvin Rosas
|
|
|
Batting: LHB Mike Clark
|
0-0: Called Strike 0-1: Ball 1-1: Ground out 4-3 (Groundball, 34, EV 108.1 MPH)
|
|
Batting: LHB Chris Salim
|
0-0: Swinging Strike 0-1: Called Strike 0-2: Foul Ball, location: 2F 0-2: Foul Ball, location: 2F 0-2: Ball 1-2: Strikes out swinging
|
| Top of the 1st over - 0 runs, 0 hits, 0 errors, 0 left on base; Boise 0 - Rome 0 |
| BOTTOM OF THE 1ST |
|
Rome Braves batting - Pitching for Boise Hawks : LHP Rich Byrd
|
|
Pitching: LHP Rich Byrd
|
|
|
Batting: SHB Jordan Barragan
|
0-0: Ground out 6-3 (Groundball, 6, EV 110.0 MPH)
|
|
Batting: SHB Jose Melendez
|
0-0: Ball 1-0: Ball 2-0: Called Strike 2-1: Foul Ball, location: 2F 2-2: DOUBLE (Line Drive, 3D, EV 106.9 MPH)
|
|
Batting: RHB Tim Molchan
|
0-0: Fly out, F9 (Line Drive, 89D, EV 88.1 MPH)
|
|
Batting: RHB Yojiro Hayashi
|
0-0: Ground out 6-3 (Groundball, 6M, EV 99.4 MPH)
|
| Bottom of the 1st over - 0 runs, 1 hit, 0 errors, 1 left on base; Boise 0 - Rome 0 |
| TOP OF THE 2ND |
|
Boise Hawks batting - Pitching for Rome Braves : RHP Marvin Rosas
|
|
Batting: RHB Tyler Stebbins
|
0-0: Ball 1-0: Ground out 6-3 (Groundball, 6, EV 85.6 MPH)
|
|
Batting: RHB Josh Martin
|
0-0: Foul Ball, location: 2F 0-1: Called Strike 0-2: Reached on error, E4 (Groundball, 4, EV 86.2 MPH)
|
|
Batting: SHB Jamie Locke
|
0-0: Grounds into double play, 6-4-3 (Groundball, 6, EV 80.0 MPH)
|
| Top of the 2nd over - 0 runs, 0 hits, 1 error, 0 left on base; Boise 0 - Rome 0 |
| BOTTOM OF THE 2ND |
|
Rome Braves batting - Pitching for Boise Hawks : LHP Rich Byrd
|
|
Batting: LHB Joe Phillips
|
0-0: Ball 1-0: Ground out 4-3 (Groundball, 4, EV 98.1 MPH)
|
|
Batting: RHB Adrian Billups
|
0-0: Ball 1-0: Ground out 2-3 (Groundball, 13S, EV 70.0 MPH)
|
|
Batting: LHB Javier Rubio
|
0-0: Ball 1-0: Fly out, F9 (Flyball, 9D, EV 87.5 MPH)
|
| Bottom of the 2nd over - 0 runs, 0 hits, 0 errors, 0 left on base; Boise 0 - Rome 0 |
| TOP OF THE 3RD |
|
Boise Hawks batting - Pitching for Rome Braves : RHP Marvin Rosas
|
|
Batting: RHB Chris Kinder
|
0-0: Fly out, F7 (Flyball, 78S, EV 90.6 MPH)
|
|
Batting: LHB Eric Zacher
|
0-0: Called Strike 0-1: Ball 1-1: Ball 2-1: Swinging Strike 2-2: Strikes out swinging
|
|
Batting: LHB Brian Levensailor
|
0-0: Called Strike 0-1: Called Strike 0-2: Ball 1-2: Ball 2-2: Strikes out looking
|
| Top of the 3rd over - 0 runs, 0 hits, 0 errors, 0 left on base; Boise 0 - Rome 0 |
| BOTTOM OF THE 3RD |
|
Rome Braves batting - Pitching for Boise Hawks : LHP Rich Byrd
|
|
Batting: RHB George Provance
|
0-0: Called Strike 0-1: Ball 1-1: TRIPLE (Line Drive, 8RXD, EV 112.5 MPH)
|
|
Batting: LHB Malik Boulay
|
0-0: Foul Ball, location: 2F 0-1: Ball 1-1: Ball 2-1: Foul Ball, location: 2F 2-2: Strikes out swinging
|
|
Batting: SHB Jordan Barragan
|
0-0: Called Strike 0-1: Called Strike 0-2: Strikes out looking
|
|
Batting: SHB Jose Melendez
|
0-0: Ball 1-0: Foul Ball, location: 2F 1-1: SINGLE (Groundball, 6MD, EV 98.1 MPH) George Provance scores
|
|
Batting: RHB Tim Molchan
|
0-0: Called Strike 0-1: Ball 1-1: Ball Jose Melendez steals 2nd, throwing error, E2 Jose Melendez to third 2-1: Ground out 5-3 (Groundball, 56S, EV 80.0 MPH)
|
| Bottom of the 3rd over - 1 run, 2 hits, 1 error, 1 left on base; Boise 0 - Rome 1 |
| TOP OF THE 4TH |
|
Boise Hawks batting - Pitching for Rome Braves : RHP Marvin Rosas
|
|
Batting: LHB Eddie Gonzalez
|
0-0: Called Strike 0-1: Ball 1-1: Ground out 6-3 (Groundball, 56, EV 87.5 MPH)
|
|
Batting: LHB Mike Clark
|
0-0: Called Strike 0-1: Swinging Strike 0-2: Strikes out swinging, 2-3 out at first.
|
|
Batting: LHB Chris Salim
|
0-0: Called Strike 0-1: Foul Ball, location: 2F 0-2: Strikes out swinging
|
| Top of the 4th over - 0 runs, 0 hits, 0 errors, 0 left on base; Boise 0 - Rome 1 |
| BOTTOM OF THE 4TH |
|
Rome Braves batting - Pitching for Boise Hawks : LHP Rich Byrd
|
|
Batting: RHB Yojiro Hayashi
|
0-0: Swinging Strike 0-1: Foul Ball, location: 2F 0-2: Ball 1-2: Strikes out swinging, 2-3 out at first.
|
|
Batting: LHB Joe Phillips
|
0-0: SINGLE (Line Drive, 8LS, EV 112.5 MPH)
|
|
Batting: RHB Adrian Billups
|
0-0: SINGLE (Flyball, 34D, EV 97.5 MPH) Joe Phillips to second
|
|
Batting: LHB Javier Rubio
|
0-0: Ball 1-0: Ball 2-0: Swinging Strike 2-1: Swinging Strike 2-2: Foul Ball, location: 2F 2-2: Foul Ball, location: 2F 2-2: Foul Ball, location: 2F 2-2: Strikes out looking
|
|
Batting: RHB George Provance
|
0-0: Called Strike 0-1: Ball 1-1: DOUBLE (Line Drive, 89D, EV 103.1 MPH) Joe Phillips scores Adrian Billups to third Runner from 3rd tries for Home, SAFE, no throw by CF
|
|
Batting: LHB Malik Boulay
|
0-0: SINGLE (Line Drive, 78S, EV 87.5 MPH) George Provance to third Runner from 3rd tries for Home, SAFE, throw by LF to home
|
|
Batting: SHB Jordan Barragan
|
0-0: Called Strike 0-1: Foul Ball, location: 2F 0-2: Ball 1-2: Ball 2-2: Strikes out looking
|
| Bottom of the 4th over - 3 runs, 4 hits, 0 errors, 1 left on base; Boise 0 - Rome 4 |
| TOP OF THE 5TH |
|
Boise Hawks batting - Pitching for Rome Braves : RHP Marvin Rosas
|
|
Batting: RHB Tyler Stebbins
|
0-0: Ball 1-0: Ball 2-0: Hit by Pitch
|
|
Batting: RHB Josh Martin
|
0-0: Swinging Strike 0-1: Ball 1-1: Called Strike 1-2: Strikes out swinging
|
|
Batting: SHB Jamie Locke
|
0-0: Foul Ball, location: 2F 0-1: Ball 1-1: Foul Ball, location: 2F 1-2: Strikes out looking
|
|
Batting: RHB Chris Kinder
|
0-0: Called Strike 0-1: SINGLE (Groundball, 56D, EV 108.1 MPH) Tyler Stebbins to second
|
|
Batting: LHB Eric Zacher
|
0-0: Called Strike 0-1: Swinging Strike 0-2: Ball 1-2: Strikes out swinging
|
| Top of the 5th over - 0 runs, 1 hit, 0 errors, 2 left on base; Boise 0 - Rome 4 |
| BOTTOM OF THE 5TH |
|
Rome Braves batting - Pitching for Boise Hawks : LHP Rich Byrd
|
|
Batting: SHB Jose Melendez
|
0-0: Foul Ball, location: 2F 0-1: Ball 1-1: Ball 2-1: Foul Ball, location: 2F 2-2: Foul Ball, location: 2F 2-2: Ground out 6-3 (Groundball, 6, EV 88.1 MPH)
|
|
Batting: RHB Tim Molchan
|
0-0: Fly out, F8 (Flyball, 8LM, EV 95.0 MPH)
|
|
DELAY
|
Rain delay of 23 minutes in the 5th inning.
|
|
Batting: RHB Yojiro Hayashi
|
0-0: SINGLE (Groundball, 4MS, EV 82.5 MPH) (infield hit)
|
|
Batting: LHB Joe Phillips
|
0-0: Ground out 4-3 (Groundball, 34, EV 88.1 MPH)
|
| Bottom of the 5th over - 0 runs, 1 hit, 0 errors, 1 left on base; Boise 0 - Rome 4 |
| TOP OF THE 6TH |
|
Boise Hawks batting - Pitching for Rome Braves : RHP Marvin Rosas
|
|
Pitching: RHP Dan Spahn
|
|
|
Batting: LHB Brian Levensailor
|
0-0: Ball 1-0: SOLO HOME RUN (Flyball, 89XD, EV 101.9 MPH), Distance : 405 ft
|
|
Batting: LHB Eddie Gonzalez
|
0-0: SINGLE (Groundball, 6MD, EV 95.6 MPH)
|
|
Batting: LHB Mike Clark
|
0-0: Ball Eddie Gonzalez is caught stealing 2nd base 2-6 1-0: Ball 2-0: Called Strike 2-1: SINGLE (Groundball, 3D, EV 101.9 MPH)
|
|
Batting: LHB Chris Salim
|
0-0: Ball Mike Clark steals 2nd base (no throw) 1-0: Ball 2-0: Ball 3-0: Called Strike 3-1: DOUBLE (Line Drive, 78D, EV 105.0 MPH) Mike Clark scores
|
|
Batting: RHB Tyler Stebbins
|
0-0: Swinging Strike 0-1: Ball 1-1: Foul Ball, location: 2F 1-2: Strikes out looking
|
|
Batting: RHB Josh Martin
|
0-0: Ball 1-0: Ball 2-0: Ball 3-0: Base on Balls
|
|
Batting: SHB Jamie Locke
|
0-0: Ball 1-0: Foul Ball, location: 2F 1-1: Foul Ball, location: 2F 1-2: Fly out, F7 (Flyball, 78M, EV 79.4 MPH)
|
| Top of the 6th over - 2 runs, 4 hits, 0 errors, 2 left on base; Boise 2 - Rome 4 |
| BOTTOM OF THE 6TH |
|
Rome Braves batting - Pitching for Boise Hawks : LHP Rich Byrd
|
|
Batting: RHB Adrian Billups
|
0-0: Called Strike 0-1: Ball 1-1: Called Strike 1-2: Fly out, F7 (Flyball, 7, EV 85.0 MPH)
|
|
Batting: LHB Javier Rubio
|
0-0: Called Strike 0-1: SINGLE (Flyball, 9LS, EV 99.4 MPH)
|
|
Batting: RHB George Provance
|
0-0: Called Strike Javier Rubio steals 2nd base 0-1: Ground out 4-3 (Groundball, 4, EV 81.2 MPH) Javier Rubio to third
|
|
Batting: LHB Malik Boulay
|
0-0: Ball 1-0: Swinging Strike 1-1: Ball 2-1: SINGLE (Line Drive, 7S, EV 95.6 MPH) Javier Rubio scores
|
|
Pitching: RHP Angelo Ayala
|
|
|
Batting: SHB Jordan Barragan
|
0-0: Ball Malik Boulay is caught stealing 2nd base 2-6
|
| Bottom of the 6th over - 1 run, 2 hits, 0 errors, 0 left on base; Boise 2 - Rome 5 |
| TOP OF THE 7TH |
|
Boise Hawks batting - Pitching for Rome Braves : RHP Dan Spahn
|
|
Pitching: LHP Justin Hawk
|
|
|
Batting: RHB Chris Kinder
|
0-0: Called Strike 0-1: Called Strike 0-2: Strikes out swinging
|
|
Batting: LHB Eric Zacher
|
0-0: Ball 1-0: SINGLE (Groundball, 34D, EV 104.4 MPH)
|
|
Batting: LHB Brian Levensailor
|
0-0: Hit by Pitch Eric Zacher to second
|
|
Batting: LHB Eddie Gonzalez
|
0-0: Called Strike 0-1: Ball 1-1: Foul Ball, location: 2F 1-2: Ball 2-2: Foul Ball, location: 2F 2-2: Strikes out swinging
|
|
Batting: LHB Mike Clark
|
0-0: Called Strike 0-1: DOUBLE (Line Drive, 5D, EV 109.4 MPH) Eric Zacher scores Brian Levensailor to third Runner from 3rd tries for Home, SAFE, throw by LF to trailing runner, SAFE at third!
|
|
Batting: LHB Chris Salim
|
0-0: Ball 1-0: Ball 2-0: Ball 3-0: Called Strike 3-1: Called Strike 3-2: DOUBLE (Flyball, 89D, EV 111.2 MPH) Mike Clark scores
|
|
Pitching: RHP Alfredo Leiva
|
|
|
Batting: SHB Morgan Batson
|
0-0: Ball 1-0: Swinging Strike 1-1: Ball 2-1: Ball 3-1: Foul Ball, location: 2F 3-2: Strikes out swinging
|
| Top of the 7th over - 3 runs, 3 hits, 0 errors, 1 left on base; Boise 5 - Rome 5 |
| BOTTOM OF THE 7TH |
|
Rome Braves batting - Pitching for Boise Hawks : RHP Angelo Ayala
|
|
Batting: SHB Jordan Barragan
|
0-0: Ball 1-0: Ball 2-0: Called Strike 2-1: Called Strike 2-2: Ball 3-2: Fly out, F9 (Line Drive, 9S, EV 95.0 MPH)
|
|
Batting: SHB Jose Melendez
|
0-0: Called Strike 0-1: Called Strike 0-2: Strikes out swinging
|
|
Batting: RHB Tim Molchan
|
0-0: Ball 1-0: Swinging Strike 1-1: Foul Ball, location: 2F 1-2: Strikes out swinging
|
| Bottom of the 7th over - 0 runs, 0 hits, 0 errors, 0 left on base; Boise 5 - Rome 5 |
| TOP OF THE 8TH |
|
Boise Hawks batting - Pitching for Rome Braves : RHP Alfredo Leiva
|
|
Batting: RHB Josh Martin
|
0-0: Ball 1-0: Called Strike 1-1: Ball 2-1: Swinging Strike 2-2: Foul Ball, location: 2F 2-2: Strikes out swinging
|
|
Batting: SHB Jamie Locke
|
0-0: Called Strike 0-1: Swinging Strike 0-2: Ball 1-2: Ball 2-2: Foul Ball, location: 2F 2-2: Strikes out swinging
|
|
Batting: RHB Chris Kinder
|
0-0: Called Strike 0-1: Swinging Strike 0-2: Strikes out swinging
|
| Top of the 8th over - 0 runs, 0 hits, 0 errors, 0 left on base; Boise 5 - Rome 5 |
| BOTTOM OF THE 8TH |
|
Rome Braves batting - Pitching for Boise Hawks : RHP Angelo Ayala
|
|
Pitching: RHP Mitch Guerrero
|
|
|
Batting: RHB Yojiro Hayashi
|
0-0: Ball 1-0: Ball 2-0: Foul Ball, location: 2F 2-1: Called Strike 2-2: Strikes out swinging
|
|
Batting: LHB Joe Phillips
|
0-0: Ground out 6-3 (Groundball, 6, EV 101.9 MPH)
|
|
Pinch Hitting: LHB Ryan Murdock
|
0-0: Ball 1-0: Ball 2-0: Ball 3-0: Called Strike 3-1: Fly out, F7 (Flyball, 7LM, EV 91.2 MPH)
|
| Bottom of the 8th over - 0 runs, 0 hits, 0 errors, 0 left on base; Boise 5 - Rome 5 |
| TOP OF THE 9TH |
|
Boise Hawks batting - Pitching for Rome Braves : RHP Alfredo Leiva
|
|
Pitching: RHP Jessie Mattei
|
|
|
Now at 3B: Gerard Michel
|
|
|
Now at SS: Malik Boulay
|
|
|
Batting: LHB Eric Zacher
|
0-0: Ball 1-0: Swinging Strike 1-1: Foul Ball, location: 2F 1-2: Ball 2-2: SINGLE (Groundball, 34D, EV 98.1 MPH)
|
|
Batting: LHB Brian Levensailor
|
0-0: Ball Eric Zacher steals 2nd base 1-0: Swinging Strike 1-1: Called Strike 1-2: Strikes out looking
|
|
Batting: LHB Eddie Gonzalez
|
0-0: Ball 1-0: Called Strike 1-1: Swinging Strike 1-2: DOUBLE (Flyball, 89D, EV 93.8 MPH) Eric Zacher scores
|
|
Batting: LHB Mike Clark
|
0-0: Called Strike 0-1: Fly out, F8 (Flyball, 8RM, EV 83.1 MPH)
|
|
Batting: LHB Chris Salim
|
0-0: Foul Ball, location: 2F 0-1: Foul Ball, location: 2F 0-2: Ball 1-2: Strikes out swinging
|
| Top of the 9th over - 1 run, 2 hits, 0 errors, 1 left on base; Boise 6 - Rome 5 |
| BOTTOM OF THE 9TH |
|
Rome Braves batting - Pitching for Boise Hawks : RHP Mitch Guerrero
|
|
Pitching: RHP Jim Butler
|
|
|
Batting: LHB Javier Rubio
|
0-0: Swinging Strike 0-1: Ball 1-1: Ball 2-1: Foul Ball, location: 2F 2-2: Strikes out swinging
|
|
Batting: RHB George Provance
|
0-0: Ball 1-0: Ball 2-0: Foul Ball, location: 2F 2-1: Ball 3-1: SINGLE (Groundball, 25, EV 68.1 MPH) (infield hit)
|
|
Batting: LHB Malik Boulay
|
0-0: Ball 1-0: Ball 2-0: Fly out, F6 (Popup, 56D, EV 66.9 MPH)
|
|
Batting: SHB Jordan Barragan
|
0-0: Ball 1-0: Foul Ball, location: 2F 1-1: SINGLE (Flyball, 78D, EV 101.2 MPH) George Provance to second
|
|
Batting: SHB Jose Melendez
|
0-0: Swinging Strike 0-1: Swinging Strike 0-2: Ball 1-2: Ball 2-2: Strikes out swinging
|
| Bottom of the 9th over - 0 runs, 2 hits, 0 errors, 2 left on base; Boise 6 - Rome 5 |
|